 Dungeon Crawl Stone Soup version 0.21-a0-173-g99db44b (webtiles) character file.

81 aurelian the Magician (level 4, 0/30 HPs)
             Began as a Mummy Summoner on Aug 7, 2017.
             Shot with an arrow by a centaur (12 damage)
             ... on level 3 of the Dungeon.
             The game lasted 00:07:16 (2650 turns).

aurelian the Magician (Mummy Summoner)              Turns: 2650, Time: 00:07:16

Health: 0/30       AC:  2    Str: 11    XL:     4   Next: 19%
Magic:  3/10       EV: 12    Int: 15    God:
Gold:   73         SH:  0    Dex: 12    Spells: 5/11 levels left

rFire    x . .     SeeInvis .   m - +0 dagger (venom)
rCold    + . .     Gourm    .   (no shield)
rNeg     + + +     Faith    .   a - +0 robe
rPois    ∞         Spirit   .   (no helmet)
rElec    .         Reflect  .   (no cloak)
rCorr    .         Harm     .   (no gloves)
MR       .....                  (no boots)
Stlth    ++........             (no amulet)
HPRegen  0.10/turn              (no ring)
MPRegen  0.12/turn              (no ring)

@: no status effects
A: no food or potions, fire vulnerability, cold resistance 1, negative energy
resistance 3, torment resistance, unbreathing
a: no special abilities


You were on level 3 of the Dungeon.
You were not hungry.

You visited 1 branch of the dungeon, and saw 3 of its levels.

You collected 73 gold pieces.

Inventory:

Hand Weapons
 c - a +0 whip
 f - a cursed -3 mace
 j - a +0 dagger of venom
 m - a +0 dagger of venom (weapon)
 n - a cursed -1 dagger
Missiles
 d - 26 stones (quivered)
 e - 6 curare-tipped needles
Armour
 a - a +0 robe (worn)
Jewellery
 i - an uncursed ring of ice {unknown}
 k - an uncursed ring of magical power {unknown}
Scrolls
 g - 2 scrolls of teleportation {unknown}
 h - 2 scrolls of remove curse {unknown}
 l - a scroll of blinking {unknown}
 o - 3 scrolls of identify {unknown}
Books
 b - a book of Callings

   Spells                             Type                      Level
   a - Summon Small Mammal            Summoning                    1
   b - Call Imp                       Summoning                    2
   c - Call Canine Familiar           Summoning                    3
   d - Summon Guardian Golem          Hexes/Summoning              3
   e - Summon Lightning Spire         Summoning/Air                4
   f - Summon Ice Beast               Ice/Summoning                4


   Skills:
 - Level 1.5 Dodging
 - Level 1.5 Stealth
 + Level 4.3 Spellcasting
 + Level 4.0 Summonings


You had 5 spell levels left.
You knew the following spells:

 Your Spells              Type           Power        Failure   Level  Hunger
a - Summon Small Mammal   Summ           ###.         3%          1    N/A
b - Call Imp              Summ           ###.....     4%          2    N/A
c - Call Canine Familiar  Summ           ###.....     10%         3    N/A

Dungeon Overview and Level Annotations

Branches:
Dungeon (3/15)

Altars:


Innate Abilities, Weirdness & Mutations

You do not eat or drink.
Your flesh is vulnerable to fire.
You are immune to poison.
Your flesh is cold resistant. (rC+)
You are immune to negative energy. (rN+++)
You are immune to unholy pain and torment.
You can survive without breathing.


Message History

Casting: Call Imp
Confirm with . or Enter, or press ? or * to list all spells.
A beastly little devil appears in a puff of flame.
The centaur shoots an arrow.
The arrow hits your hound.
The centaur shoots an arrow.
The arrow misses your hound. The arrow barely misses you.
What are your orders? t - Shout!
Orders for allies: a - Attack new target. r - Retreat! s - Stop attacking. g - Guard the area. f - Follow me.
Anything else - Cancel.
Guard this area!
Your hound bites the centaur.
The centaur shoots an arrow.
The arrow closely misses your hound. The arrow hits you!
Your crimson imp hits the centaur but does no damage.
Your hound bites the centaur.
The centaur shoots an arrow.
The arrow hits your hound!
Your hound closely misses the centaur.
Your crimson imp hits the centaur.
The centaur shoots an arrow.
The arrow misses your hound. The arrow hits you!
You die...

..#######
#...c.c5#########
#h#.......#
####@#.#### .#
#<.5.(....# .#
.....##.#.##.##.#
.... ...#.##..#.#
### #####.......#
#####.### #.# #.#
#.#


You could see a centaur, a friendly hound and 2 friendly crimson imps.

Vanquished Creatures
  An adder (D:2)
  2 dart slugs (D:1)
  2 bats (D:1)
  3 giant cockroaches
  2 goblins (D:1)
  A ball python (D:1)
  A kobold (D:2)
  4 rats
16 creatures vanquished.

Vanquished Creatures (collateral kills)
  5 adders (D:2)
  An ooze (D:1)
  2 worms (D:2)
  3 dart slugs
  2 leopard geckos
  9 bats
  6 goblins
  4 hobgoblins
  A frilled lizard (D:2)
  5 kobolds
  3 rats
41 creatures vanquished.

Grand Total: 57 creatures vanquished

Notes
Turn   | Place    | Note
-------+----------+-------------------------------------------
     0 | D:1      | aurelian the Mummy Summoner began the quest for the Orb.
     0 | D:1      | Reached XP level 1. HP: 13/13 MP: 4/4
   399 | D:1      | Reached XP level 2. HP: 19/19 MP: 1/6
  1442 | D:2      | Learned a level 2 spell: Call Imp
  1500 | D:2      | Reached XP level 3. HP: 24/24 MP: 2/8
  1562 | D:2      | Learned a level 3 spell: Call Canine Familiar
  2323 | D:2      | Reached XP level 4. HP: 29/30 MP: 7/10
  2643 | D:3      | Noticed a centaur
  2650 | D:3      | Shot with an arrow by a centaur

Vault maps used:
D:1:      roderic_crossed_star

Skill      XL: |  1  2  3 |
---------------+----------+-----
Spellcasting   | 3 4 |  4.3
Summonings     | 4 |  4.0
Dodging        | |  1.5
Stealth        | |  1.5

Action                   |  1- 3 |  4- 6 || total
-------------------------+-------+-------++-------
Melee: Unarmed           |     5 |       ||     5
       Whip              |    48 |     7 ||    55
Throw: Stone             |     3 |       ||     3
 Cast: Summon Small Mamm |    74 |       ||    74
       Call Imp          |    14 |     5 ||    19
       Call Canine Famil |    12 |     5 ||    17
 Stab: Sleeping          |     2 |       ||     2
       Distracted        |     1 |       ||     1
Armor: Robe              |    40 |     1 ||    41
Dodge: Dodged            |    77 |     7 ||    84
